 Dungeon Crawl Stone Soup version 0.14-a0-1036-g6cac21b (webtiles) character file.

1498 PolkaDot the Ruinous (level 8, -6/52 HPs)
             Began as a Vampire Conjurer on Nov 24, 2013.
             Mangled by Pikel
             ... wielding a +1,+0 whip of electrocution
              (19 damage)
             ... on Level 5 of the Dungeon.
             The game lasted 00:29:23 (6785 turns).

PolkaDot the Ruinous (Vampire Conjurer)             Turns: 6785, Time: 00:29:24

HP  -6/52        AC  3     Str  7      XL: 8   Next: 22%
MP   5/14        EV 14     Int 19      God:
Gold 288         SH  0     Dex 14      Spells:  4 memorised,  0 levels left

Res.Fire  : . . .   See Invis. : +   v - +3,+1 short sword (curse)
Res.Cold  : . . .   Warding    : .   a - +1 robe
Life Prot.: + . .   Conserve   : +   (no shield)
Res.Poison: .       Res.Corr.  : .   (no helmet)
Res.Elec. : .       Clarity    : .   (no cloak)
Sust.Abil.: . .     Spirit.Shd : .   (no gloves)
Res.Mut.  : .       Stasis     : .   (no boots)
Res.Rott. : .       Flight     : .   k - cursed amulet of conservation
Saprovore : . . .                    (no ring)
                                     d - +2 ring of evasion

@: somewhat resistant to hostile enchantments, stealthy
A: bottle blood, fangs 3, see invisible, unbreathing
a: Bat Form, Bottle Blood


You were on level 5 of the Dungeon.
You were not thirsty.

You visited 1 branch of the dungeon, and saw 5 of its levels.
You also visited: Sewer.

You collected 288 gold pieces.

Inventory:

Hand weapons
 v - a cursed +3,+1 short sword (weapon)
Armour
 a - a +1 robe (worn)
 q - a +0 elven cloak
Scrolls
 b - a scroll of amnesia
 e - 3 scrolls of identify
 f - 4 scrolls of remove curse {unknown}
 h - 4 scrolls of teleportation
 l - 3 scrolls of fear
Jewellery
 d - a +2 ring of evasion (left hand)
 k - a cursed amulet of conservation (around neck)
Potions
 g - 3 potions of agility
 j - 2 potions of heal wounds
 m - 5 potions of curing
 n - 2 potions of mutation
 r - a potion of brilliance
Books
 c - a book of Conjurations

   Spells                             Type                      Level
   *Magic Dart                        Conjuration                  1
   *Searing Ray                       Conjuration                  2
   Dazzling Spray                     Conjuration/Hexes            3
   *Iskenderun's Mystic Blast         Conjuration                  4
   Iskenderun's Battlesphere          Conjuration/Charms           4
   Fulminant Prism                    Conjuration/Hexes            5
 i - a book of Wizardry

   Spells                             Type                      Level
   Summon Elemental                   Summoning                    4
   Agony                              Necromancy                   5
   Force Lance                        Conjuration                  5
   Fireball                           Conjuration/Fire             5
   Haste                              Charms                       6
   Invisibility                       Hexes                        6
 o - a book of Power

   Spells                             Type                      Level
   *Iskenderun's Mystic Blast         Conjuration                  4
   Venom Bolt                         Conjuration/Poison           5
   Bolt of Magma                      Conjuration/Fire/Earth       5
   Fulminant Prism                    Conjuration/Hexes            5
   Iron Shot                          Conjuration/Earth            6
   Orb of Destruction                 Conjuration                  7
 p - a book of Debilitation

   Spells                             Type                      Level
   Corona                             Hexes                        1
   Slow                               Hexes                        2
   Inner Flame                        Hexes/Fire                   3
   Enslavement                        Hexes                        4
   Cause Fear                         Hexes                        4
   Leda's Liquefaction                Hexes/Earth                  4
 s - a book of Beasts

   Spells                             Type                      Level
   Summon Butterflies                 Summoning                    1
   Sticks to Snakes                   Transmutation                2
   Call Canine Familiar               Summoning                    3
   Ice Form                           Ice/Transmutation            4
   Summon Ice Beast                   Ice/Summoning                4
   Summon Hydra                       Summoning                    7
 t - a book of Dreams

   Spells                             Type                      Level
   Ensorcelled Hibernation            Hexes/Ice                    2
   *Flight                            Charms/Air                   3
   Phase Shift                        Translocation                5
   Shadow Creatures                   Summoning                    5
   Mass Confusion                     Hexes                        6
   Darkness                           Hexes                        7
 u - a book of Wizardry

   Spells                             Type                      Level
   Summon Elemental                   Summoning                    4
   Agony                              Necromancy                   5
   Force Lance                        Conjuration                  5
   Fireball                           Conjuration/Fire             5
   Haste                              Charms                       6
   Invisibility                       Hexes                        6


   Skills:
 - Level 2.1 Dodging
 - Level 3.0 Stealth
 - Level 1.5 Spellcasting
 * Level 7.3 Conjurations
 + Level 4.2 Air Magic


You couldn't memorise any spells.
You knew the following spells:

 Your Spells              Type           Power        Failure   Level  Hunger
d - Iskenderun's Mystic   Conj           ####....     12%         4    #####..
s - Searing Ray           Conj           ####..       1%          2    ###....
z - Magic Dart            Conj           ####         1%          1    #......
F - Flight                Chrm/Air       #.........   21%         3    ####...


Dungeon Overview and Level Annotations

Branches:
Dungeon (5/16)
 Temple: D:4-7

Altars:
Okawaru
the Shining One

Annotations:
D:5 Pikel


Innate Abilities, Weirdness & Mutations

You can bottle blood from corpses.
You have razor-sharp teeth.*
You have supernaturally acute eyesight.
You can survive without breathing.*


Message History

Aiming: Searing Ray
Press: ? - help, Shift-Dir - straight line, f/p - Pikel
Aim: Pikel, wielding a runed whip and wearing a robe (heavily wounded)
The searing ray hits Pikel.
Pikel is heavily wounded.
Pikel misses you.
The searing ray hits Pikel.
Pikel is severely wounded.
Pikel hits you with a runed whip.
You are electrocuted!
The searing ray hits Pikel.
Pikel is severely wounded.
Pikel hits you with a whip of electrocution.
The searing ray misses Pikel.
The searing ray hits the slave.
The slave is moderately wounded.
The searing ray hits the slave.
The slave is heavily wounded.
Pikel hits you with a whip of electrocution.
* * * LOW HITPOINT WARNING * * *
You are electrocuted!
You die...

.@@.##.#.....#...# .K.
..#.....#.### #
####...#......
#........... #.........#
######### ##@######.#
........### #@######
#######.#.# #K#...)# #
#.#.######@#.##)# #
#.#.##.......##.# #
#.#.##.......##'####### #
#.#.##............)...# #
#.#...............##### #
#.####.....[......# #
#.#........#......# #
####.#.#......#......#####
#
#....#.#.................#


You could see Pikel and 2 slaves.

Vanquished Creatures
  Menkaure (D:5)
  A sky beast (D:5)
  Purgy (Sewer)
  A slave (D:5)
  2 phantoms (D:5)
  2 ogres (D:4)
  A crimson imp (D:5)
  A hound (D:4)
  2 iguanas (D:4)
  A big fish (Sewer)
  2 orc wizards (D:4)
  3 worker ants (D:4)
  Ijyb (D:5)
  An ogre skeleton (D:5)
  10 adders
  2 giant mites
  An inept item mimic (Sewer)
  2 worms
  6 giant geckos
  17 orcs
  5 ball pythons
  15 bats
  6 giant cockroaches
  2 grey rats (D:5)
  8 hobgoblins
  3 quokkas
  7 giant newts
  10 goblins
  2 goblin skeletons (D:4)
  12 kobolds
  15 rats
  A rat skeleton (D:5)
144 creatures vanquished.

Notes
Turn   | Place    | Note
--------------------------------------------------------------
     0 | D:1      | PolkaDot, the Vampire Conjurer, began the quest for the Orb.
     0 | D:1      | Reached XP level 1. HP: 13/13 MP: 4/4
   295 | D:1      | Reached XP level 2. HP: 19/19 MP: 2/5
  1055 | D:1      | Learned a level 2 spell: Searing Ray
  1319 | D:2      | Reached XP level 3. HP: 24/24 MP: 1/6
  1592 | D:2      | Reached skill level 4 in Conjurations
  1772 | D:2      | Found a glowing golden altar of the Shining One.
  2121 | D:2      | Reached XP level 4. HP: 30/30 MP: 2/8
  2866 | D:3      | Reached XP level 5. HP: 35/35 MP: 6/9
  3265 | D:3      | Reached skill level 5 in Conjurations
  3429 | D:3      | Learned a level 3 spell: Flight
  3674 | D:4      | Reached skill level 1 in Air Magic
  3750 | D:4      | Noticed an ogre
  3750 | D:4      | Noticed an ogre
  3772 | D:4      | Killed an ogre
  3772 | D:4      | Reached XP level 6. HP: 26/41 MP: 2/10
  4685 | D:4      | Killed an ogre
  4685 | D:4      | Reached skill level 6 in Conjurations
  4685 | D:4      | Reached XP level 7. HP: 46/46 MP: 0/11
  4920 | D:5      | Entered Level 5 of the Dungeon
  5275 | D:5      | Found an iron altar of Okawaru.
  5277 | D:5      | Noticed Ijyb
  5321 | D:5      | Killed Ijyb
  5487 | D:5      | Noticed Menkaure
  5498 | D:5      | Killed Menkaure
  5566 | D:5      | Found a glowing drain.
  5630 | Sewer    | Entered a sewer
  5704 | Sewer    | Noticed Purgy
  5839 | Sewer    | Killed Purgy
  5839 | Sewer    | Reached skill level 7 in Conjurations
  5839 | Sewer    | Reached XP level 8. HP: 35/52 MP: 3/13
  6061 | Sewer    | Learned a level 4 spell: Iskenderun's Mystic Blast
  6761 | D:5      | Noticed Pikel
  6785 | D:5      | Mangled by Pikel

Action                   |  1- 3 |  4- 6 |  7- 9 || total
-------------------------+-------+-------+-------++-------
Melee: Unarmed           |    12 |       |       ||    12
       Dagger            |     2 |     7 |       ||     9
       Short sword       |       |       |    74 ||    74
 Cast: Magic Dart        |    61 |    51 |    21 ||   133
       Searing Ray       |     8 |    33 |    29 ||    70
       Flight            |       |       |     5 ||     5
  Use: Potion            |     2 |       |     3 ||     5
       Scroll            |       |     8 |     7 ||    15
